 Dungeon Crawl Stone Soup version 0.22-a0-300-g82e80c5 (webtiles) character file.

252 b5mith the Slasher (level 6, -1/48 HPs)
             Began as a Human Berserker on Mar 25, 2018.
             Was a Priest of Trog.
             Killed from afar by Sigmund (3 damage)
             ... with a puff of flame
             ... on level 3 of the Dungeon.
             The game lasted 00:06:08 (2691 turns).

b5mith the Slasher (Human Berserker)                Turns: 2691, Time: 00:06:08

Health: -1/48      AC:  5    Str: 19    XL:     6   Next: 36%
Magic:  6/6        EV: 12    Int:  8    God:    Trog [***...]
Gold:   100        SH:  0    Dex: 12    Spells: 5/5 levels left

rFire    . . .     SeeInvis .   a - +0 falchion
rCold    . . .     Gourm    .   (no shield)
rNeg     . . .     Faith    .   i - +0 ring mail
rPois    .         Spirit   .   (no helmet)
rElec    .         Reflect  .   (no cloak)
rCorr    .         Harm     .   (no gloves)
MR       .....                  (no boots)
Stlth    +.........             (no amulet)
HPRegen  0.16/turn              e - ring of wizardry
MPRegen  0.10/turn              m - +5 ring of slaying

@: berserk cooldown, slowed, very slow
A: no striking features
a: Berserk, Trog's Hand, Renounce Religion


You were on level 3 of the Dungeon.
You worshipped Trog.
Trog was most pleased with you.
You were near starving.

You visited 1 branch of the dungeon, and saw 3 of its levels.

You collected 100 gold pieces.

Inventory:

Hand Weapons
 a - a +0 falchion (weapon)
Missiles
 j - 101 stones (quivered)
 q - a throwing net
Armour
 b - a +0 animal skin
 i - a +0 ring mail (worn)
Jewellery
 e - a ring of wizardry (left hand)
 m - a +5 ring of slaying (right hand)
Wands
 d - a wand of enslavement (1)
Scrolls
 g - a scroll of amnesia {unknown}
 k - a scroll of enchant armour {unknown}
 n - a scroll of teleportation {unknown}
 o - 4 scrolls of remove curse {unknown}
 p - a scroll of identify {unknown}
Potions
 f - a potion of lignification {unknown}
 h - a potion of might {unknown}
 l - a potion of flight {unknown}
Comestibles
 c - 5 rations


   Skills:
 + Level 4.2 Fighting
 + Level 4.2 Long Blades
 + Level 3.5 Armour
 + Level 3.4 Dodging


You had 5 spell levels left.
You didn't know any spells.

Dungeon Overview and Level Annotations

Branches:
Dungeon (3/15)

Altars:
Makhleb
Qazlal

Annotations:
D:3 Sigmund


Message History

You hit Sigmund.
Sigmund is moderately wounded.
Sigmund misses you.
You riposte.
You hit Sigmund.
Sigmund is moderately wounded.
You hit Sigmund.
Sigmund is heavily wounded.
Sigmund gestures at you while chanting. The puff of flame hits you!
* * * LOW HITPOINT WARNING * * *
Sigmund barely misses you. Sigmund casts a spell at you.
You resist with some effort.
An orc comes into view. It is wielding a hand axe.
Things that are here:
a club; a dagger of freezing; a leather armour Sigmund screams, "Don't try to resist!"
Sigmund closely misses you.
Sigmund points at you and mumbles some strange words.
The puff of flame hits you!
You die...

#. #.# # ###.. .# #....
###.#.#.. #.... #.....g..
#.... #.#.#
#....#######.#.#....# .#
#.......@).@o..#....#####.#
####.######...##..........##
#.#.........#...........#
#.#.####....#...........#
#.#......#..............#
#.######.##.#...........#
#.#.....................#
#.#.####.##)##.....######
#.#<........######


You could see Sigmund and an orc.

Vanquished Creatures
  A big kobold (D:3)
  An orc wizard (D:3)
  Ijyb (D:3)
  2 adders
  4 gnolls (D:2)
  6 leopard geckos
  2 orcs (D:3)
  A ball python (D:3)
  4 bats
  3 giant cockroaches (D:2)
  2 goblins
  10 hobgoblins
  15 kobolds
  3 frilled lizards
  8 rats
63 creatures vanquished.

Notes
Turn   | Place    | Note
-------+----------+-------------------------------------------
     0 | D:1      | b5mith the Human Berserker began the quest for the Orb.
     0 | D:1      | Reached XP level 1. HP: 18/18 MP: 1/1
    50 | D:1      | Reached XP level 2. HP: 18/24 MP: 2/2
   740 | D:1      | Reached XP level 3. HP: 29/29 MP: 3/3
  1149 | D:2      | Reached ** piety under Trog
  1440 | D:2      | Reached XP level 4. HP: 35/35 MP: 4/4
  2068 | D:2      | Found a burning altar of Makhleb.
  2107 | D:3      | Reached XP level 5. HP: 38/42 MP: 5/5
  2176 | D:3      | Found a stormy altar of Qazlal.
  2260 | D:3      | Noticed a big kobold
  2277 | D:3      | Killed a big kobold
  2277 | D:3      | Reached XP level 6. HP: 34/48 MP: 6/6
  2286 | D:3      | HP: 2/48 [poisoned by a big kobold]
  2634 | D:3      | Noticed Ijyb
  2657 | D:3      | Killed Ijyb
  2664 | D:3      | Noticed Sigmund
  2669 | D:3      | Reached *** piety under Trog
  2685 | D:3      | HP: 1/48 [Sigmund/puff of flame (9)]
  2691 | D:3      | Killed from afar by Sigmund

Vault maps used:
D:1:      dpeg_arrival_orchard
D:2:      lightli_temple_of_fire
D:3:      cheibrodos_thug_alley, nicolae_overflow_hidden_temple,
          nicolae_qazlal_eye_of_the_storm, first_ration, uniq_sigmund,
          uniq_ijyb, uniq_crazy_yiuf_cottage

Skill      XL: |  1  2  3  4  5 |
---------------+----------------+-----
Armour         | 3 |  3.5
Dodging        | 3 |  3.4
Fighting       | 4 |  4.2
Long Blades    | 4 |  4.2

Action                   |  1- 3 |  4- 6 || total
-------------------------+-------+-------++-------
Melee: Falchion          |    89 |    82 ||   171
Invok: Berserk           |       |     3 ||     3
  Use: Potion            |       |     1 ||     1
  Eat: Chunk             |     2 |     5 ||     7
Armor: Animal skin       |     6 |       ||     6
       Ring mail         |    12 |    19 ||    31
Dodge: Dodged            |    52 |    44 ||    96
       Rpst.: Falchion   |    20 |     9 ||    29

Table legend:
 A = Spawn XP
 B = Non-spawn XP
 C = Spawn XP percentage of total XP
 D = Spawn monster count
 E = Non-spawn monster count
 F = Spawn count percentage of total count
 G = Total turns spent on level
                    A         B        C        D         E        F      G
               +---------+---------+-------+---------+---------+-------+---------
         Total |       0 |     361 |   0.0 |       0 |      63 |   0.0 |  2691
               +---------+---------+-------+---------+---------+-------+---------
           D:1 |       0 |      31 |   0.0 |       0 |      17 |   0.0 |   998
           D:2 |       0 |     101 |   0.0 |       0 |      23 |   0.0 |  1088
           D:3 |       0 |     229 |   0.0 |       0 |      23 |   0.0 |   605
               +---------+---------+-------+---------+---------+-------+---------
